 Dungeon Crawl Stone Soup version 0.23.0-38-g208d714 (webtiles) character file.

Game seed: 12200704186651136076

38 Kawshus the Caller (level 3, -5/24 HPs)
             Began as a Barachi Summoner on Feb 28, 2019.
             Slain by a worm (10 damage)
             ... on level 2 of the Dungeon.
             The game lasted 00:04:58 (1702 turns).

Kawshus the Caller (Barachi Summoner)               Turns: 1702, Time: 00:04:58

Health: -5/24      AC:  2    Str: 10    XL:     3   Next: 43%
Magic:  6/6        EV: 13    Int: 15    God:
Gold:   50         SH:  0    Dex: 12    Spells: 0/6 levels left

rFire    . . .     SeeInvis .   j - +0 hand axe
rCold    . . .     Gourm    .   (no shield)
rNeg     . . .     Faith    .   a - +0 robe
rPois    .         Spirit   .   (no helmet)
rElec    .         Reflect  .   (no cloak)
rCorr    .         Harm     .   (no gloves)
MR       .....                  (no boots)
Stlth    ++........             (no amulet)
HPRegen  0.08/turn              (no ring)
MPRegen  0.10/turn              (no ring)

@: slow
A: +LOS, swims, slowness 1, strong legs 1
a: Hop


You were on level 2 of the Dungeon.
You were hungry.

You visited 1 branch of the dungeon, and saw 2 of its levels.

You collected 50 gold pieces.

Inventory:

Hand Weapons
 e - a +0 club
 f - a +0 hunting sling
 j - a +0 hand axe (weapon)
Missiles
 d - 55 stones (quivered)
Armour
 a - a +0 robe (worn)
Scrolls
 b - 2 scrolls of remove curse {unknown}
 g - 2 scrolls of teleportation {unknown}
 k - a scroll of enchant armour {unknown}
 l - a scroll of identify {unknown}
 m - a scroll of magic mapping {unknown}
Potions
 i - a potion of haste {unknown}
Comestibles
 c - a ration
 h - a chunk of flesh


   Skills:
 - Level 0.1 Maces & Flails
 + Level 2.9 Dodging
 - Level 2.1 Stealth
 + Level 2.4 Spellcasting
 + Level 5.4 Summonings


You couldn't memorise any spells.
You knew the following spells:

 Your Spells              Type           Power        Failure   Level  Hunger
a - Summon Small Mammal   Summ           ###.         2%          1    #......
b - Call Imp              Summ           ###.....     3%          2    ###....
c - Call Canine Familiar  Summ           ###.....     7%          3    ###....

Your spell library contained the following spells:

 Spells                   Type           Power        Failure   Level  Hunger
 Summon Guardian Golem    Hex/Summ       #.......     22%         3    ###....
 Summon Ice Beast         Ice/Summ       #.......     56%         4    #####..
 Summon Lightning Spire   Summ/Air       #.......     56%         4    #####..


Dungeon Overview and Level Annotations

Branches:
Dungeon (2/15)

Altars:


Innate Abilities, Weirdness & Mutations

Shadows flee at your approach. (+LOS)
You can swim through water.
You cover ground slowly.
You can hop short distances.


Message History

The worm bites you.
* * * LOW HITPOINT WARNING * * *
You hit the worm but do no damage.
The worm is heavily wounded.
The worm barely misses you.
You completely miss the worm.
The worm is moderately wounded.
Your crimson imp hits the worm.
You hit the worm.
The worm is severely wounded.
Your crimson imp barely misses the worm.
The worm misses you.
You hit the worm but do no damage.
The worm is heavily wounded.
Your crimson imp blinks!
The worm barely misses you.
You slash the worm!
The worm is almost dead.
The worm bites you!
You die...

########..#.#
.......#..#.. #......###
#### #.##..## #.. #
#.....# # #.# .#
#.#..#..####
#.##.##.#........<..).
#...>.................
########w@#........<......
..........# #############
#######...# ##### #####..
#.5.# #...# #...... #...#
#...# ##......
#...###...###.......
#.....+...'.........
#.#+###...###.......
#...รท.....# ######..


You could see a worm and a friendly crimson imp.

Vanquished Creatures
  An adder (D:2)
  3 goblins (D:1)
  3 hobgoblins
  2 kobolds
  2 bats
  A rat (D:2)
12 creatures vanquished.

Vanquished Creatures (collateral kills)
  2 adders (D:2)
  An ooze (D:1)
  A ball python (D:1)
  A bat (D:1)
  A quokka (D:2)
  A goblin (D:1)
  3 rats
10 creatures vanquished.

Grand Total: 22 creatures vanquished

Notes
Turn   | Place    | Note
-------+----------+-------------------------------------------
     0 | D:1      | Kawshus the Barachi Summoner began the quest for the Orb.
     0 | D:1      | Reached XP level 1. HP: 13/13 MP: 3/3
   311 | D:1      | Reached skill level 5 in Summonings
   311 | D:1      | Reached XP level 2. HP: 8/19 MP: 1/5
   484 | D:1      | Learned a level 2 spell: Call Imp
  1345 | D:2      | Reached XP level 3. HP: 24/24 MP: 1/6
  1399 | D:2      | Learned a level 3 spell: Call Canine Familiar
  1702 | D:2      | Slain by a worm

Skill      XL: |  1  2 |
---------------+-------+-----
Summonings     | 5 |  5.4
Stealth        | 2 |  2.1
Maces & Flails | |  0.1
Dodging        | |  2.9
Spellcasting   | |  2.4

Action                   || total
-------------------------++-------
Melee: Unarmed           ||    24
       Hand axe          ||    58
       Club              ||     7
 Cast: Summon Small Mamm ||    11
       Call Imp          ||     5
       Call Canine Famil ||     1
  Use: Potion            ||     1
 Stab: Sleeping          ||     4
       Distracted        ||     1
  Eat: Chunk             ||     3
Armor: Robe              ||    14
Dodge: Dodged            ||    62
